 Dungeon Crawl Stone Soup version 0.32-a0-909-gc671339a80 (webtiles) character file.

Game seed: 62587056537138713

2714 601d51SH the Spear-Bearer (level 9, -2/74 HPs)
             Began as a Gnoll Cinder Acolyte on Apr 6, 2024.
             Was a High Priest of Ignis.
             Slain by Joseph
             ... wielding a +0 quarterstaff
              (16 damage)
             ... on level 7 of the Dungeon.
             The game lasted 00:19:58 (7055 turns).

601d51SH the Spear-Bearer (Gnoll Cinder Acolyte)    Turns: 7055, Time: 00:20:01

Health: -2/74      AC:  8    Str: 17    XL:     9   Next: 66%
Magic:  15/26      EV: 10    Int: 15    God:    Ignis [*****.]
Gold:   313        SH:  4    Dex:  7    Spells: 14/19 levels left

rFire   + . .        P - +5 hand axe (freeze)
rCold   . . .        q - +0 buckler
rNeg    + . .        A - +0 troll leather armour {Pargi}
rPois   .            (no helmet)
rElec   .            U - +2 cloak {Will+}
rCorr   .            (no gloves)
SInv    .            s - +0 pair of boots
Will    +....        (no amulet)
Stlth   ++           u - ring of magical power
HPRegen 1.12/turn    y - ring of positive energy
MPRegen 0.20/turn

%: no passive effects
@: no status effects
A: fangs 1, strong nose, distributed training
a: Renounce Religion, Fiery Armour, Foxfire Swarm, Rising Flame


You were on level 7 of the Dungeon.
You worshipped Ignis.
Ignis was extremely pleased with you.
You visited 2 branches of the dungeon, and saw 8 of its levels.

You collected 376 gold pieces.
You spent 63 gold pieces at shops.

Inventory:

Hand Weapons
 F - a +3 quarterstaff of chaos
 O - a +4 mace
 P - a +5 hand axe of freezing (weapon)
Missiles
 t - 3 throwing nets (quivered)
 H - 3 boomerangs
 M - 4 poisoned darts
 S - a curare-tipped dart
Armour
 q - a +0 buckler (worn)
 r - a +1 robe
 s - a +0 pair of boots (worn)
 A - a +0 troll leather armour (worn) {Pargi}
 B - a +0 plate armour
 U - a +2 cloak of willpower (worn)
Jewellery
 u - a ring of magical power (left hand)
 y - a ring of positive energy (right hand)
 D - an amulet of faith
Talismans
 T - a serpent talisman
Wands
 k - a wand of digging (5)
 v - a wand of flame (44)
 J - a wand of polymorph (13)
 K - a wand of charming (13)
 Q - a wand of mindburst (7)
Scrolls
 d - 6 scrolls of identify {unknown}
 i - 3 scrolls of amnesia {unknown}
 o - 4 scrolls of teleportation {unknown}
 p - 3 scrolls of blinking {unknown}
 z - a scroll of immolation {unknown}
 I - a scroll of acquirement {unknown}
 L - 3 scrolls of enchant weapon {unknown}
 R - a scroll of revelation {unknown}
Potions
 c - 2 potions of curing {unknown}
 e - 2 potions of magic {unknown}
 f - a potion of brilliance {unknown}
 h - a potion of lignification {unknown}
 l - 2 potions of haste {unknown}
 n - a potion of degeneration {unknown}
 w - a potion of heal wounds {unknown}
 C - 2 potions of might {unknown}


   Skills:
 + Level 8.1 Fighting
 + Level 4.6 Short Blades
 + Level 4.6 Long Blades
 + Level 4.6 Axes
 + Level 4.6 Maces & Flails
 + Level 8.1 Polearms
 + Level 4.6 Staves
 + Level 4.6 Ranged Weapons
 + Level 4.6 Throwing
 + Level 4.6 Armour
 + Level 4.6 Dodging
 + Level 4.6 Stealth
 + Level 4.6 Shields
 + Level 4.6 Unarmed Combat
 + Level 5.5 Spellcasting
 + Level 3.8 Conjurations
 + Level 3.8 Hexes
 + Level 3.8 Summonings
 + Level 3.8 Necromancy
 + Level 3.8 Translocations
 + Level 6.7 Fire Magic
 + Level 3.8 Ice Magic
 + Level 3.8 Air Magic
 + Level 3.8 Earth Magic
 + Level 3.8 Alchemy
 + Level 5.1 Invocations
 + Level 4.6 Evocations
 + Level 4.2 Shapeshifting


You had 14 spell levels left.
You knew the following spells:

 Your Spells              Type           Power      Damage    Failure   Level
a - Scorch                Fire           48%        2d7       2%          2
b - Confusing Touch       Hex            15%        N/A       14%         3

Your spell library contained the following spells:

 Spells                   Type           Power      Damage    Failure   Level
 Kiss of Death            Conj/Necr      60%        2d10      4%          1
 Jinxbite                 Hex            30%        N/A       8%          2
 Dazzling Flash           Conj/Hex       30%        N/A       14%         3
 Dispel Undead            Necr           15%        3d10      43%         4
 Yara's Violent Unravell  Hex/Alch       7%         3d5       80%         5
 Starburst                Conj/Fire      10%        6d5       99%         6
 Enfeeble                 Hex            7%         N/A       100%        7
 Maxwell's Capacitive Co  Air            7%         ∞         100%        8


Dungeon Overview and Level Annotations

Branches:
Dungeon (7/15)             Temple (1/1) D:4

Altars:
Ashenzari
Dithmenos
Elyvilon
Fedhas
Gozag
Hepliaklqana
Makhleb
Okawaru
Qazlal
Ru
Sif Muna
Uskayaw
Vehumet
Xom
Yredelemnul
Zin
The Shining One

Shops:
D:1 [   D:2 *

Annotations:
D:7 Joseph


Innate Abilities, Weirdness & Mutations

You have very sharp teeth.
Your uncanny sense of smell can sniff out nearby items.
Your experience applies equally to all skills.


Message History

The bullfrog closely misses you.
Joseph shoots a sling bullet.
The sling bullet closely misses you.
You slash the bullfrog! You freeze the bullfrog. You bite the bullfrog.
You kill the bullfrog!
Joseph unwields a +0 sling.
Joseph wields a +0 quarterstaff.
Joseph hits you with a +0 quarterstaff!
You see here a bullfrog corpse.
Casting: Scorch (safe; 2% risk of failure)
Confirm with . or Enter, or press ? or * to list all spells.
Flames lash Joseph.
Joseph is lightly wounded.
Joseph's fire resistance burns away.
Joseph barely misses you.
Casting: Scorch (safe; 2% risk of failure)
Confirm with . or Enter, or press ? or * to list all spells.
Flames lash Joseph.
Joseph is burned terribly!
Joseph is moderately wounded.
Joseph hits you with a +0 quarterstaff!!
Casting: Scorch (safe; 2% risk of failure)
Confirm with . or Enter, or press ? or * to list all spells.
Flames lash Joseph.
Joseph is burned terribly!
Joseph is moderately wounded.
Joseph closely misses you.
Casting: Scorch (safe; 2% risk of failure)
Confirm with . or Enter, or press ? or * to list all spells.
Flames lash Joseph.
Joseph is burned terribly!
Joseph is heavily wounded.
Joseph hits you with a +0 quarterstaff!
Casting: Scorch (safe; 2% risk of failure)
Confirm with . or Enter, or press ? or * to list all spells.
Flames lash Joseph.
Joseph is burned terribly!
Joseph is severely wounded.
Joseph hits you with a +0 quarterstaff!
* * * LOW HITPOINT WARNING * * *
Casting: Scorch (safe; 2% risk of failure)
Confirm with . or Enter, or press ? or * to list all spells.
Flames lash Joseph.
Joseph is burned terribly!
Joseph is severely wounded.
Joseph hits you with a +0 quarterstaff!
You die...
Ignis goes out, and joins you in death.

########... #.........
∆ #......... #........
#####....
#.......##+###....#....
#.......#.........#....
#.......#.........#....
#.....@.'.........+....
#......@#...##....#....
#.......#...##....#....
#########.........#....
..............#....
..............#....
...............'....
.........##....#....
.........#######....


You could see Joseph (combustible).

Vanquished Creatures
  Maurice (D:7)
  Sigmund (D:3)
  Eustachio (D:4)
  A water moccasin (D:5)
  Duvessa (D:7)
  Pargi (D:3)
  A centaur (D:6)
  Blork the orc (D:4)
  A kobold brigand (D:7)
  3 scorpions (D:5)
  3 bullfrogs (D:7)
  4 wights (D:6)
  Dowan (D:7)
  A howler monkey (D:6)
  2 jellies
  5 hounds
  3 bombardier beetles
  Crazy Yiuf (D:4)
  3 orc priests
  An iguana (D:6)
  Ijyb (D:3)
  3 orc wizards
  A sleepcap (D:6)
  Robin (D:3)
  7 gnolls
  6 adders
  2 white imps
  2 ufetubi (D:6)
  3 dart slugs
  A ribbon worm (D:2)
  20 orcs
  6 endoplasms
  8 hobgoblins
  5 quokkas
  6 bats
  3 frilled lizards
  19 goblins
  8 kobolds
  4 rats
142 creatures vanquished.

Notes
Turn   | Place    | Note
-------+----------+-------------------------------------------
     0 | D:1      | 601d51SH the Gnoll Cinder Acolyte began the quest for the
                  | Orb.
     0 | D:1      | Reached XP level 1. HP: 23/23 MP: 4/4
   195 | D:1      | Reached XP level 2. HP: 29/29 MP: 5/5
   347 | D:1      | Found Tyfusch's Antique Armour Emporium.
   389 | D:1      | Noticed a great orb of eyes
   391 | D:1      | Found a faded altar of an unknown god.
   395 | D:1      | Noticed an eye of devastation
   395 | D:1      | Noticed a great orb of eyes
   395 | D:1      | Noticed a glass eye
   751 | D:2      | Reached XP level 3. HP: 35/35 MP: 7/7
   840 | D:2      | Reached skill level 1 in Invocations
  1046 | D:2      | Found Setia's Assorted Antiques.
  1051 | D:2      | Bought a yellow potion for 19 gold pieces
  1051 | D:2      | Bought a scroll labelled FOBAUM DOXZIU for 22 gold pieces
  1205 | D:2      | Reached skill level 1 in Short Blades
  1205 | D:2      | Reached skill level 1 in Long Blades
  1205 | D:2      | Reached skill level 1 in Axes
  1205 | D:2      | Reached skill level 1 in Maces & Flails
  1205 | D:2      | Reached skill level 1 in Staves
  1205 | D:2      | Reached skill level 1 in Ranged Weapons
  1205 | D:2      | Reached skill level 1 in Throwing
  1205 | D:2      | Reached skill level 1 in Armour
  1205 | D:2      | Reached skill level 1 in Dodging
  1205 | D:2      | Reached skill level 1 in Stealth
  1205 | D:2      | Reached skill level 1 in Shields
  1205 | D:2      | Reached skill level 1 in Unarmed Combat
  1205 | D:2      | Reached skill level 1 in Evocations
  1234 | D:2      | Learned a level 2 spell: Scorch
  1262 | D:2      | Bought a scroll labelled FOBAUM DOXZIU for 22 gold pieces
  1277 | D:3      | Noticed Robin
  1277 | D:3      | Noticed Ijyb
  1352 | D:3      | Found a burning altar of Makhleb.
  1375 | D:3      | Noticed Sigmund
  1397 | D:3      | Killed Sigmund
  1398 | D:3      | Reached skill level 1 in Conjurations
  1398 | D:3      | Reached skill level 1 in Hexes
  1398 | D:3      | Reached skill level 1 in Summonings
  1398 | D:3      | Reached skill level 1 in Necromancy
  1398 | D:3      | Reached skill level 1 in Translocations
  1398 | D:3      | Reached skill level 1 in Ice Magic
  1398 | D:3      | Reached skill level 1 in Air Magic
  1398 | D:3      | Reached skill level 1 in Earth Magic
  1398 | D:3      | Reached skill level 1 in Alchemy
  1398 | D:3      | Reached skill level 1 in Shapeshifting
  1398 | D:3      | Reached XP level 4. HP: 22/41 MP: 0/9
  1398 | D:3      | Reached XP level 5. HP: 25/47 MP: 0/10
  1550 | D:3      | Killed Robin
  1551 | D:3      | Reached XP level 6. HP: 47/53 MP: 6/11
  1814 | D:3      | Killed Ijyb
  2085 | D:3      | Noticed Pargi
  2119 | D:3      | Killed Pargi
  2803 | D:4      | Reached XP level 7. HP: 44/59 MP: 12/12
  2832 | D:4      | Found a staircase to the Ecumenical Temple.
  2896 | Temple   | Entered the Ecumenical Temple
  3120 | D:4      | Found a hazy altar of Hepliaklqana.
  3198 | D:4      | Found a runed translucent door.
  3199 | D:4      | Noticed Crazy Yiuf
  3236 | D:4      | Noticed Blork the orc
  3236 | D:4      | Noticed Eustachio
  3247 | D:4      | Killed Eustachio
  3250 | D:4      | Killed Blork the orc
  3698 | D:4      | Killed Crazy Yiuf
  3845 | D:5      | Entered Level 5 of the Dungeon
  3993 | D:5      | Reached XP level 8. HP: 67/67 MP: 14/14
  5057 | D:6      | Learned a level 3 spell: Confusing Touch
  5734 | D:6      | Found a shimmering blue altar of Sif Muna.
  5769 | D:6      | Reached XP level 9. HP: 73/73 MP: 9/16
  6235 | D:6      | Reached skill level 5 in Spellcasting
  6761 | D:7      | Noticed Dowan
  6762 | D:7      | Noticed Duvessa
  6773 | D:7      | Killed Duvessa
  6774 | D:7      | Killed Dowan
  6858 | D:7      | Noticed Maurice
  6876 | D:7      | Something stole a serpent talisman
  6878 | D:7      | Killed Maurice
  6879 | D:7      | Reached skill level 5 in Invocations
  7045 | D:7      | Noticed Joseph
  7055 | D:7      | Slain by Joseph

Illustrated notes

Levels and vault maps discovered:
D:1:      matt_arrival_refuge, layout_rooms,
          hellmonk_ecumenical_altar_watching_god, serial_shops,
          nicolae_shop_just_a_little_nook, kennysheep_small_spiral
D:2:      layout_rooms, serial_shops, nicolae_shop_back_alley_shop,
          hangedman_decor_slide_cut
D:3:      layout_basic, mainiacjoe_overflow_chevrons, reono_crystal_passage,
          uniq_sigmund, uniq_robin, uniq_ijyb, uniq_pargi
D:4:      layout_gridville, nicolae_overflow_crystal_walls,
          minmay_temple_entry_glass, uniq_crazy_yiuf_cottage,
          uniq_blork_the_orc, uniq_eustachio
D:5:      layout_basic
D:6:      layout_layer_cave, mainiacjoe_overflow_concentric_impassable
D:7:      layout_gridville, kiku_gazebo_garden_becter, uniq_duvessa,
          uniq_maurice, uniq_joseph, uniq_pikel
Temple:   nicolae_temple_superstar

Skill      XL: |  1  2  3  4  5  6  7  8  9 |
---------------+----------------------------+-----
Invocations    | 2 3 4 5 |  5.1
Short Blades   | 1 2 3 4 |  4.6
Long Blades    | 1 2 3 4 |  4.6
Axes           | 1 2 3 4 |  4.6
Maces & Flails | 1 2 3 4 |  4.6
Staves         | 1 2 3 4 |  4.6
Ranged Weapons | 1 2 3 4 |  4.6
Throwing       | 1 2 3 4 |  4.6
Armour         | 1 2 3 4 |  4.6
Dodging        | 1 2 3 4 |  4.6
Stealth        | 1 2 3 4 |  4.6
Shields        | 1 2 3 4 |  4.6
Unarmed Combat | 1 2 3 4 |  4.6
Evocations     | 1 2 3 4 |  4.6
Spellcasting   | 3 4 5 |  5.5
Conjurations   | 1 2 3 |  3.8
Hexes          | 1 2 3 |  3.8
Summonings     | 1 2 3 |  3.8
Necromancy     | 1 2 3 |  3.8
Translocations | 1 2 3 |  3.8
Ice Magic      | 1 2 3 |  3.8
Air Magic      | 1 2 3 |  3.8
Earth Magic    | 1 2 3 |  3.8
Alchemy        | 1 2 3 |  3.8
Shapeshifting  | 1 2 3 4 |  4.2
Fighting       | 7 8 |  8.1
Polearms       | 7 8 |  8.1
Fire Magic     | 6 |  6.7

Action                     |  1- 3 |  4- 6 |  7- 9 || total
---------------------------+-------+-------+-------++-------
  Melee: Spear             |   126 |    89 |   226 ||   441
         Bite              |     1 |    11 |    26 ||    38
         Hand axe          |       |       |    39 ||    39
  Throw: Stone             |     8 |       |       ||     8
         Throwing net      |       |     1 |       ||     1
   Cast: Scorch            |     4 |    18 |   106 ||   128
   Stab: Sleeping          |       |     1 |     5 ||     6
         Held in net/web   |       |     1 |       ||     1
 Armour: Robe              |    28 |       |       ||    28
         Ring mail         |    16 |    61 |       ||    77
         Troll leather arm |       |     3 |   153 ||   156
  Dodge: Dodged            |    29 |    39 |   115 ||   183
  Block: Buckler           |     2 |     8 |    35 ||    45

Table legend: (Time is in decaauts)
 A = Elapsed time spent in this place.
 B = Non-inter-level travel time spent in this place.
 C = Inter-level travel time spent in this place.
 D = Time resting spent in this place.
 E = Time spent auto-exploring this place.
 F = Levels seen in this place.
 G = Mean time per level.
                   A        B        C        D        E       F      G
               +--------+--------+--------+--------+--------+-----+--------+
         Total |   6974 |   6430 |    544 |    254 |   4397 |   8 |  871.8 |
       Dungeon |   6938 |   6394 |    544 |    254 |   4397 |   7 |  991.1 |
        Temple |     35 |     35 |      0 |      0 |      0 |   1 |   35.0 |
               +--------+--------+--------+--------+--------+-----+--------+

Top non-repeatable levels by time:
     D:3: 1448 daAuts
     D:6: 1426 daAuts
     D:5: 1023 daAuts
     D:4: 1012 daAuts
     D:7: 744 daAuts
     D:1: 732 daAuts
     D:2: 551 daAuts
  Temple: 35 daAuts
